[Event "OBEM 2018"]
[Site "Bremen"]
[Date "2018.03.31"]
[Round "9"]
[White "Hoeffer, David"]
[Black "Margraf, Daniel"]
[Result "0-1"]
[WhiteElo "2264"]
[BlackElo "2200"]
[Annotator "RC"]
[PlyCount "92"]
[EventDate "2018.??.??"]
[EventType "swiss"]
[EventCountry "GER"]
[SourceTitle "playchess.com"]
[Source "ChessBase"]
[SourceQuality "1"]
[TimeControl "40/5400+30:1800+30"]

1. Nf3 Nf6 2. c4 c5 3. d4 cxd4 4. Nxd4 g6 5. Nc3 Bg7 6. e4 d6 7. Be2 Nc6 8. Nc2 O-O 9. O-O Be6 10. Be3 Rc8 11. Rc1 Ne5 12. b3 a6 13. Qd2 Re8 14. f3 Qa5 15. Nd4 Bd7 16. Rfd1 Nc6 17. Nc2 Ne5 18. Kh1 b5 19. b4 Qc7 20. c5 dxc5 21. Bxc5 Be6 22. Ne3 Bh6 23. Qe1 Nc4 24. Bxc4 Bxc4 25. Rc2 Bf4 26. Nxc4 bxc4 27. g3 Bd6 28. Bxd6 exd6 29. Qd2 Re6 30. Qd4 Qb7 31. a3 Nd7 32. Nd5 Ne5 33. Kg2 Qb5 34. Qc3 Rc6 35. h4 h5 36. Nf4 Re8 37. Rcd2 Nd3 38. Nd5 Re6 39. g4 hxg4 40. fxg4 Re5 41. Qd4 Rxd5 42. exd5 Rc8 43. h5 Ne5 44. Rc1 Qa4 45. Rc3 a5 46. hxg6 Nxg6 0-1

[Event "OBEM 2018"]
[Site "Bremen"]
[Date "2018.03.31"]
[Round "9"]
[White "Kardoeus, David"]
[Black "Mueller, Wolfgang"]
[Result "1-0"]
[ECO "C03"]
[WhiteElo "2229"]
[BlackElo "2023"]
[Annotator "NA RC"]
[PlyCount "87"]
[EventDate "2018.??.??"]
[EventType "swiss"]
[EventCountry "GER"]
[SourceTitle "playchess.com"]
[Source "ChessBase"]
[SourceQuality "1"]
[TimeControl "40/5400+30:1800+30"]

1. e4 e6 2. d4 d5 3. Nd2 a6 4. Bd3 c5 5. Ngf3 dxe4 6. Nxe4 cxd4 7. Nxd4 Bd7 8. Qe2 Nc6 9. Nf5 Bb4+ 10. c3 exf5 11. Nd6+ Kf8 12. cxb4 Qf6 13. Be3 Qxd6 14. Bc5 Qxc5 15. bxc5 Re8 16. O-O-O Rxe2 17. Bxe2 Be6 18. Rd6 Nge7 19. Rhd1 g6 20. a3 a5 21. Kc2 Kg7 22. Kc3 Rc8 23. Bc4 Ne5 24. Bxe6 fxe6 25. b4 Nd5+ 26. Kd4 Nc6+ 27. Kc4 Ne5+ 28. Kb5 Nc3+ 29. Kb6 Nxd1 30. Kxb7 Re8 31. Rxd1 Re7+ 32. Kb6 Nc4+ 33. Kb5 Nxa3+ 34. Kxa5 e5 35. b5 Nc2 36. b6 Nd4 37. Ka6 Ne6 38. c6 e4 39. b7 Nc5+ 40. Kb6 Nxb7 41. cxb7 Rxb7+ 42. Kxb7 Kf6 43. Kc6 Ke5 44. Kc5 1-0

[Event "OBEM 2018"]
[Site "Bremen"]
[Date "2018.03.31"]
[Round "9"]
[White "Issing, Peter"]
[Black "Stieglitz, Dirk"]
[Result "0-1"]
[ECO "D11"]
[WhiteElo "2196"]
[BlackElo "2052"]
[Annotator "RC"]
[PlyCount "92"]
[EventDate "2018.??.??"]
[EventType "swiss"]
[EventCountry "GER"]
[SourceTitle "playchess.com"]
[Source "ChessBase"]
[SourceQuality "1"]
[TimeControl "40/5400+30:1800+30"]

1. d4 d5 2. c4 c6 3. Nf3 Nf6 4. Qc2 dxc4 5. Qxc4 Bg4 6. Nbd2 Nbd7 7. g3 e6 8. Bg2 Be7 9. O-O O-O 10. Ne5 Bh5 11. Ndf3 a5 12. a4 Qb6 13. Be3 Qb4 14. Qd3 Bxf3 15. Nxf3 Nd5 16. Bd2 Qb6 17. Rac1 h6 18. Rfd1 Rfd8 19. e4 N5f6 20. Be3 Qxb2 21. Rb1 Qa3 22. Qxa3 Bxa3 23. e5 Nd5 24. Rxb7 Nc3 25. Ra1 Bb4 26. Ne1 Rac8 27. Nd3 c5 28. dxc5 Nxc5 29. Rxb4 Nxd3 30. Rb7 Nc5 31. Ra7 Nb3 32. Ra3 Rd1+ 33. Bf1 Rb8 34. Kg2 Nd5 35. Bb5 Nxe3+ 36. fxe3 Rd2+ 37. Kf3 Rb2 38. Rd7 Rc8 39. Rd3 Nd2+ 40. Kg4 g6 41. Rac3 h5+ 42. Kh3 Rxc3 43. Rxc3 Nf3 44. g4 h4 45. g5 Rxh2+ 46. Kg4 Rf2 0-1

[Event "OBEM 2018"]
[Site "Bremen"]
[Date "2018.03.31"]
[Round "9"]
[White "Schulz, Daniel"]
[Black "Boehning, Kilian"]
[Result "1/2-1/2"]
[ECO "A81"]
[WhiteElo "2051"]
[BlackElo "2109"]
[Annotator "NA RC"]
[PlyCount "81"]
[EventDate "2018.??.??"]
[EventType "swiss"]
[EventCountry "GER"]
[SourceTitle "playchess.com"]
[Source "ChessBase"]
[SourceQuality "1"]
[TimeControl "40/5400+30:1800+30"]

1. d4 f5 2. g3 g6 3. Bg2 Nf6 4. Nf3 Bg7 5. O-O O-O 6. b3 d6 7. Bb2 Qe8 8. c4 c6 9. Qc2 a5 10. Nbd2 Na6 11. a3 c5 12. Bc3 Nd7 13. d5 Bxc3 14. Qxc3 Nc7 15. a4 Nf6 16. e4 fxe4 17. Ng5 h6 18. Ngxe4 b6 19. Rae1 Qf7 20. Re2 Nce8 21. Rfe1 Ra7 22. f3 Ng7 23. Nxf6+ exf6 24. g4 Rc7 25. Qe3 h5 26. h3 f5 27. Qg5 Qf6 28. Qxf6 Rxf6 29. g5 Rff7 30. f4 Kf8 31. Nf3 Rfe7 32. Nh4 Rxe2 33. Rxe2 Kf7 34. Kf2 Bd7 35. Bf3 Be8 36. Ng2 Re7 37. Ne3 Bd7 38. Kg3 Rxe3 39. Rxe3 Bc8 40. Kh4 Bd7 41. Kg3 1/2-1/2